 Dungeon Crawl Stone Soup version 0.23.0-3-gf3c87f2df8 (webtiles) character file.

Game seed: 2432892308901244916

229 McKennaii the Shield-Bearer (level 6, -4/38 HPs)
             Began as a Gargoyle Fighter on Feb 24, 2019.
             Slain by an ogre
             ... wielding a +0 giant spiked club
              (6 damage)
             ... on level 4 of the Dungeon.
             The game lasted 00:04:44 (2275 turns).

McKennaii the Shield-Bearer (Gargoyle Fighter)      Turns: 2275, Time: 00:04:45

Health: -4/38      AC: 12    Str: 22    XL:     6   Next: 3%
Magic:  6/6        EV:  8    Int:  8    God:
Gold:   222        SH: 10    Dex:  9    Spells: 5/5 levels left

rFire    . . .     SeeInvis .   a - +0 flail
rCold    . . .     Gourm    .   c - +0 shield
rNeg     + . .     Faith    .   b - +0 scale mail
rPois    ∞         Spirit   .   m - +0 helmet
rElec    +         Reflect  .   (no cloak)
rCorr    +         Harm     .   (no gloves)
MR       .....                  (no boots)
Stlth    ..........             (no amulet)
HPRegen  0.12/turn              i - ring of resist corrosion
MPRegen  0.10/turn              (no ring)

@: no status effects
A: negative energy resistance 1, electricity resistance, unbreathing,
petrification resistance, rot immunity, AC +4
a: no special abilities


You were on level 4 of the Dungeon.
You were hungry.

You visited 1 branch of the dungeon, and saw 4 of its levels.

You collected 222 gold pieces.

Inventory:

Hand Weapons
 a - a +0 flail (weapon)
Armour
 b - a +0 scale mail (worn)
 c - a +0 shield (worn)
 m - a +0 helmet (worn)
 q - a +0 large shield
Jewellery
 i - a ring of resist corrosion (left hand)
 o - an uncursed ring of ice
Scrolls
 e - 3 scrolls of remove curse {unknown}
 h - 2 scrolls of identify {unknown}
 j - 2 scrolls of magic mapping {unknown}
 k - a scroll of enchant armour {unknown}
 p - a scroll of random uselessness {unknown}
Potions
 d - 2 potions of might
 g - a potion of agility {unknown}
 l - 2 potions of magic {unknown}
 n - a potion of curing {unknown}
 r - a potion of resistance {unknown}
Comestibles
 f - 5 rations


   Skills:
 + Level 4.1 Fighting
 + Level 3.6 Maces & Flails
 + Level 3.8 Armour
 + Level 1.0 Dodging
 + Level 5.0 Shields


You had 5 spell levels left.
You didn't know any spells.
Your spell library was empty.

Dungeon Overview and Level Annotations

Branches:
Dungeon (4/15)
 Temple: D:4-7

Altars:
Fedhas
Qazlal
Sif Muna


Innate Abilities, Weirdness & Mutations

You are resistant to torment.
Your stone body is resilient. (AC +4)
You are immune to poison.
You resist negative energy. (rN+)
You are resistant to electric shocks. (rElec)
You can survive without breathing.
You are immune to petrification.
You are immune to rotting.


Message History

The ogre barely misses you.
You barely miss the ogre.
The ogre is severely wounded.
The ogre hits you with a +0 giant spiked club.
You hit the ogre but do no damage.
The ogre is severely wounded.
You are feeling hungry.
The ogre hits you with a +0 giant spiked club!!
Ouch! That really hurt!
* * * LOW HITPOINT WARNING * * *
You barely miss the ogre.
The ogre is severely wounded.
You block the ogre's attack.
Your shield and scale mail prevent you from hitting the ogre.
The ogre is severely wounded.
The ogre hits you but does no damage.
You hit the ogre.
The ogre is almost dead.
The ogre hits you with a +0 giant spiked club.
You die...

#########
##......O#
.......@.#
##.............
#.......#####.
#########


You could see an ogre.

Vanquished Creatures
  An orc wizard (D:3)
  Terence (D:2)
  Robin (D:2)
  8 adders
  2 worms (D:3)
  4 dart slugs
  3 leopard geckos
  5 orcs (D:3)
  6 bats
  5 giant cockroaches
  4 goblins
  12 hobgoblins
  9 jackals
  8 kobolds
  A quokka (D:2)
  5 frilled lizards
  5 rats
80 creatures vanquished.

Notes
Turn   | Place    | Note
-------+----------+-------------------------------------------
     0 | D:1      | McKennaii the Gargoyle Fighter began the quest for the Orb.
     0 | D:1      | Reached XP level 1. HP: 14/14 MP: 1/1
    88 | D:1      | Reached XP level 2. HP: 17/19 MP: 2/2
   772 | D:2      | Reached skill level 4 in Shields
   772 | D:2      | Reached XP level 3. HP: 23/24 MP: 3/3
   824 | D:2      | Noticed Terence
   836 | D:2      | Killed Terence
   836 | D:2      | Reached XP level 4. HP: 28/29 MP: 4/4
   970 | D:2      | Noticed Robin
   999 | D:2      | Killed Robin
  1321 | D:2      | Reached skill level 1 in Dodging
  1374 | D:2      | Reached XP level 5. HP: 33/33 MP: 5/5
  1726 | D:3      | Found a stormy altar of Qazlal.
  1776 | D:3      | Found a blossoming altar of Fedhas.
  1840 | D:3      | Reached skill level 5 in Shields
  2145 | D:3      | Found a deep blue altar of Sif Muna.
  2150 | D:3      | Reached XP level 6. HP: 35/38 MP: 6/6
  2275 | D:4      | Slain by an ogre

Skill      XL: |  1  2  3  4  5 |
---------------+----------------+-----
Shields        | 4 5 |  5.0
Fighting       | 4 |  4.1
Dodging        | 1 |  1.0
Maces & Flails | 3 |  3.6
Armour         | |  3.8

Action                   |  1- 3 |  4- 6 || total
-------------------------+-------+-------++-------
Melee: Flail             |   136 |   258 ||   394
  Eat: Chunk             |       |     5 ||     5
Armor: Scale mail        |    90 |   146 ||   236
Dodge: Dodged            |    51 |   101 ||   152
Block: Shield            |    86 |   153 ||   239
